 Dungeon Crawl Stone Soup version 0.17.1-1-g73c8601 (webtiles) character file.

44702 Iskender the Brawler (level 13, -10/104 HPs)
             Began as a Troll Artificer on Dec 30, 2015.
             Was the Champion of Nemelex Xobeh.
             Engulfed by a cloud of thunder (77 damage)
             ... on level 8 of the Lair of Beasts.
             The game lasted 02:15:19 (15025 turns).

Iskender the Brawler (Troll Artificer)             Turns: 15025, Time: 02:15:20

Health: -10/104    AC:  8    Str: 22    XL:     13   Next: 97%
Magic:  29/29      EV: 18    Int:  8    God:    Nemelex Xobeh [******]
Gold:   1054       SH:  0    Dex: 14    Spells: 1 memorised, 10 levels left

rFire  + . .     SeeInvis .       - Unarmed
rCold  + . .     Clarity  +     M - +1 robe "Gunuen" {rF+ Regen+ rCorr MP+9}
rNeg   . . .     SustAt   .     (no shield)
rPois  .         Gourm    +     (helmet restricted)
rElec  .         Spirit   .     p - +1 cloak
rCorr  +         Warding  .     (gloves unavailable)
rMut   .         Stasis   .     (boots unavailable)
MR     .....                    i - amulet of clarity
Stlth  ++........               V - +3 ring of evasion
                                T - ring of protection from cold

@: not resistant to hostile enchantments, unstealthy
A: unfitting armour, claws 3, fast metabolism 3, gourmand, regeneration 2,
shaggy fur 1, tough skin 2
a: Triple Draw, Deal Four, Stack Five, Renounce Religion


You were on level 8 of the Lair of Beasts.
You worshipped Nemelex Xobeh.
Nemelex Xobeh was exalted by your worship.
You were not hungry.

You visited 3 branches of the dungeon, and saw 19 of its levels.
You also visited: Labyrinth.

You collected 1096 gold pieces.
You spent 42 gold pieces at shops.

Inventory:

Armour
 p - a +1 cloak (worn)
 M - the +1 robe "Gunuen" (worn) {rF+ Regen+ rCorr MP+9}
   (You found it on level 6 of the Dungeon)

   It protects you from fire.
   It affects your magic capacity (+9).
   It increases your rate of regeneration.
   It protects you from acid and corrosion.
 N - the +0 robe of the Big Bang {+Fly Int+6}
   (You took it off a minotaur in a labyrinth)

   It affects your intelligence (+6).
   It lets you fly.
Rods
 q - a +0 rod of the swarm (12/12)
   (You took it off a minotaur in a labyrinth)
Jewellery
 i - an amulet of clarity (around neck)
 t - an uncursed ring of see invisible
 G - an uncursed ring of protection from magic
 T - a ring of protection from cold (left claw)
 V - a +3 ring of evasion (right claw)
 Z - an uncursed ring of fire
Wands
 d - a wand of enslavement (15)
 e - a wand of cold (8)
 l - a wand of fire (5)
 v - a wand of disintegration (7)
 z - a wand of confusion (16)
 E - a wand of paralysis (15)
 L - a wand of fireball (4)
 P - a wand of cold (7)
 S - a wand of disintegration (13)
 W - a wand of slowing (14)
Scrolls
 a - 2 scrolls of recharging
 j - a scroll of blinking
 n - 2 scrolls of fog
 o - 3 scrolls of enchant weapon
 w - a scroll of enchant armour
 C - 13 scrolls of teleportation
 H - 3 scrolls of fear
 O - 8 scrolls of remove curse
Potions
 k - 2 potions of might
 u - a potion of heal wounds
 B - a potion of resistance
 D - 9 potions of curing
 F - 2 potions of haste
 K - 2 potions of agility
Miscellaneous
 b - an ornate deck of destruction
 g - an ornate deck of war {drawn: 3}
 s - an ornate deck of war
 x - a legendary deck of escape {drawn: 2}
 y - an ornate deck of destruction
 A - a legendary deck of escape
 I - a legendary deck of destruction
 Q - an ornate deck of destruction
 R - a legendary deck of war {drawn: 2}
 U - an ornate deck of destruction {drawn: 3}
 X - a legendary deck of war
 Y - a legendary deck of war
Comestibles
 f - 11 bread rations
 h - 6 meat rations


   Skills:
 - Level 0.7 Fighting
   Level 0.7 Short Blades
 - Level 9.0 Dodging
 - Level 0.4 Stealth
 + Level 15.8 Unarmed Combat
 - Level 11.7 Evocations


You had 10 spell levels left.
You knew the following spells:

 Your Spells              Type           Power        Failure   Level  Hunger
r - Repel Missiles        Chrm/Air       #.....       69%         2    ###....


Dungeon Overview and Level Annotations

Branches:
Dungeon (10/15)            Temple (1/1) D:7            Lair (8/8) D:8
  Swamp (0/4) Lair:6        Snake (0/4) Lair:3        Slime (0/6) Lair:7
    Orc (0/4) D:9

Altars:
Ashenzari
Cheibriados
Dithmenos
Fedhas
Gozag
Makhleb
Nemelex Xobeh
Okawaru
Qazlal
Ru
Sif Muna
Trog
Vehumet
Xom
Yredelemnul
Zin
The Shining One
Jiyva

Shops:
D:7 %   D:10 [?*

Annotations:
Lair:3 Rupert


Innate Abilities, Weirdness & Mutations

You are too large for most types of armour.
You have claws for hands.
Your metabolism is lightning-fast.
You like to eat raw meat.
You heal very quickly.
You are covered in fur (AC +1).
You have very tough skin (AC +2).


Message History

You claw the giant frog!
You kill the giant frog!
You feel less vulnerable to poison.
A giant leech is nearby!
Evoke which item? (* to show all) (? for menu, Esc to quit)
You draw a card...
It is the Storm.
A fierce wind blows from the card.
Your air elemental is blown away by the wind.
The plant is struck by lightning. x2
The giant leech is struck by lightning.
You kill the giant leech!
Lightning arcs down from a storm cloud! x2
You hear a loud, deep croak!
The plant is struck by lightning.
You destroy the plant!
Lightning arcs down from a storm cloud!
Really walk into that cloud of thunder?
You are standing in a thunderstorm.
You are struck by lightning!
Ouch! That really hurt!
You die...
Your body disappears without a glow.

≈%≈.≈≈≈≈≈≈.P≈≈≈≈≈.P...≈≈#
≈≈≈≈≈≈≈≈≈≈≈≈.≈≈≈P≈≈P...≈##
P≈≈≈P≈.≈≈≈≈P≈≈(PP≈≈......#
P≈≈≈≈.≈≈≈≈≈≈≈..P≈..P....###
≈≈≈≈≈≈≈.≈≈≈≈≈†≈...........##
....≈≈≈≈..≈....≈...........##
§..P≈≈.≈.....§§§§§§§§§......#
§...P.P...≈..§§§§§§§§§....###
.............§§§@§§§§§......##
.............§§§...§§§.......##
.............§§§...§§§........#
............†§§§...§§§.......P#
.............§§§§§§§§§.......##
.......P.....§§§P§§§§§.......#
.........†.##EPPP§§§§§......##
...<†........#PPP...........#
...†.........P.P..........### #


You could see a friendly air elemental.

Vanquished Creatures
  Kirke (Lair:7)
  A minotaur (Lab)
  2 hydras
  Pikel (D:4)
  A griffon (Lair:8)
  6 elephants (Lair:7)
  Joseph (D:7)
  5 black mambas
  15 spiny frogs
  6 komodo dragons
  A two-headed ogre (D:10)
  A fire drake (Lair:4)
  3 giant leeches (Lair:8)
  A trapdoor spider (Lab)
  11 blink frogs
  3 wyverns
  4 basilisks
  31 yaks
  10 vampire mosquitoes (Lair:8)
  6 hippogriffs
  17 wolves
  A warg (Lair:8)
  5 hungry ghosts
  Menkaure (D:5)
  10 water moccasins
  Edmund (D:4)
  4 orc warriors
  2 porcupines
  2 nagas
  3 ice beasts
  5 centaurs
  3 ogres
  3 sky beasts
  A necrophage (D:8)
  2 phantoms
  14 crocodiles
  30 giant frogs
  A big kobold (D:10)
  Crazy Yiuf (D:3)
  A wyvern skeleton (D:7)
  6 killer bees
  A troll skeleton (Lab)
  6 electric eels
  2 crimson imps
  A centaur zombie (D:5)
  2 jellies (D:8)
  4 orc priests
  Ijyb (D:2)
  6 hounds
  7 iguanas
  7 orc wizards
  5 worker ants
  4 sheep (Lair:8)
  An ogre skeleton (Lab)
  A hound skeleton (D:6)
  7 adders
  2 worker ant zombies
  3 gnolls (Lair:6)
  Natasha (twice) (D:2)
  2 shadow imps
  67 river rats
  An adder zombie (D:5)
  4 oozes
  An adder skeleton (D:4)
  2 worms
  17 orcs
  A ball python (D:3)
  7 giant cockroaches
  7 goblins
  4 hobgoblins
  7 jackals
  15 kobolds
  2 quokkas
  5 bats
  2 giant geckos (D:2)
  3 giant newts
  12 rats
  2 bushes (Lair:8)
  8 fungi
  18 plants
472 creatures vanquished.

Vanquished Creatures (collateral kills)
  A hydra (Lair:2)
  A black mamba (Lair:2)
  4 elephants (Lair:7)
  A komodo dragon (Lair:2)
  2 spiny frogs
  A polar bear (Lair:7)
  6 blink frogs
  Sigmund (D:2)
  A basilisk (Lair:8)
  2 hippogriffs
  3 wolves
  4 vampire mosquitoes (Lair:8)
  A water moccasin (Lair:3)
  A porcupine (Lair:6)
  A necrophage (D:10)
  A crocodile (Lair:3)
  5 giant frogs
  2 killer bees (D:8)
  The ghost of DeXoteric the Conjurer, a weakling DrCj (D:3)
  Natasha (D:2)
  2 orcs (D:8)
  2 quokkas
44 creatures vanquished.

Vanquished Creatures (others)
  A troll (D:8)
  6 humans (Lair:7)
  25 fungi
  10 plants
42 creatures vanquished.

Grand Total: 558 creatures vanquished

Notes
Turn   | Place    | Note
--------------------------------------------------------------
     0 | D:1      | Iskender the Troll Artificer began the quest for the Orb.
     0 | D:1      | Reached XP level 1. HP: 18/18 MP: 1/1
    27 | D:1      | Reached skill level 1 in Unarmed Combat
    89 | D:1      | Reached XP level 2. HP: 20/26 MP: 2/2
   592 | D:1      | Reached XP level 3. HP: 32/32 MP: 3/3
   784 | D:2      | Found a sparkling altar of Nemelex Xobeh.
   792 | D:2      | Became a worshipper of Nemelex Xobeh the Trickster
   890 | D:2      | Noticed Ijyb
   891 | D:2      | Received a gift from Nemelex Xobeh
   893 | D:2      | Noticed Sigmund
  1075 | D:2      | Reached skill level 3 in Unarmed Combat
  1225 | D:2      | Found a glowing golden altar of the Shining One.
  1227 | D:2      | Noticed an angel
  1232 | D:2      | Found a basalt altar of Yredelemnul.
  1234 | D:2      | Noticed a profane servitor
  1287 | D:2      | Noticed Natasha
  1305 | D:2      | HP: 1/32 [Sigmund/wand of flame (7)]
  1307 | D:2      | Killed Natasha
  1307 | D:2      | Reached XP level 4. HP: 2/40 MP: 4/4
  1312 | D:2      | Found a blossoming altar of Fedhas.
  1407 | D:2      | Found a shimmering altar of Xom.
  1410 | D:2      | Noticed Natasha
  1539 | D:3      | Noticed DeXoteric's ghost (weakling DrCj)
  1565 | D:2      | Found a shadowy altar of Dithmenos.
  1589 | D:2      | Killed Natasha
  1589 | D:2      | Reached skill level 4 in Unarmed Combat
  1733 | D:3      | Reached * piety under Nemelex Xobeh
  2055 | D:2      | Killed Ijyb
  2075 | D:2      | Noticed Crazy Yiuf
  2155 | D:3      | Killed DeXoteric's ghost
  2155 | D:3      | Reached XP level 5. HP: 46/46 MP: 5/5
  2173 | D:3      | Killed Crazy Yiuf
  2173 | D:3      | Reached skill level 5 in Unarmed Combat
  2520 | D:2      | Noticed Natasha
  2531 | D:2      | Killed Natasha
  2624 | D:2      | Killed Sigmund
  2624 | D:2      | Reached skill level 6 in Unarmed Combat
  2624 | D:2      | Reached XP level 6. HP: 49/54 MP: 6/6
  2885 | D:4      | Noticed Pikel
  2895 | D:4      | Killed Pikel
  2895 | D:4      | Reached skill level 5 in Evocations
  2895 | D:4      | Reached XP level 7. HP: 44/61 MP: 7/9
  2965 | D:4      | Noticed Edmund
  2975 | D:4      | Killed Edmund
  2975 | D:4      | Reached XP level 8. HP: 57/68 MP: 10/10
  2976 | D:4      | Reached skill level 7 in Unarmed Combat
  3049 | D:4      | Noticed a moth of wrath
  3051 | D:4      | Found a bloodstained altar of Trog.
  3234 | D:5      | Entered Level 5 of the Dungeon
  3560 | D:5      | Noticed Menkaure
  3599 | D:5      | Killed Menkaure
  3668 | D:5      | Reached skill level 8 in Unarmed Combat
  3699 | D:5      | Received a gift from Nemelex Xobeh
  3829 | D:6      | Reached ** piety under Nemelex Xobeh
  3836 | D:6      | Reached skill level 9 in Unarmed Combat
  3991 | D:6      | Found an iron altar of Okawaru.
  3994 | D:6      | Found a snail-covered altar of Cheibriados.
  3999 | D:6      | Found a radiant altar of Vehumet.
  4346 | D:6      | Got a brightly glowing robe
  4357 | D:6      | Identified the +1 robe "Gunuen" {rF+ Regen+ rCorr MP+9} (You found it on level 6 of the Dungeon)
  4478 | D:6      | Reached skill level 10 in Unarmed Combat
  4483 | D:6      | Reached XP level 9. HP: 70/75 MP: 11/11
  5049 | D:7      | Received a gift from Nemelex Xobeh
  5064 | D:7      | Reached *** piety under Nemelex Xobeh
  5065 | D:7      | Noticed Joseph
  5259 | D:7      | Found a deep blue altar of Sif Muna.
  5414 | D:6      | Found a shattered altar of Ashenzari.
  5414 | D:6      | Found a glowing silver altar of Zin.
  5570 | D:7      | Found a staircase to the Ecumenical Temple.
  5582 | D:7      | Killed Joseph
  5608 | Temple   | Entered the Ecumenical Temple
  5696 | D:7      | Found Lutu's Food Boutique.
  6046 | D:8      | Received a gift from Nemelex Xobeh
  6053 | D:8      | Found a shadowy altar of Dithmenos.
  6089 | D:8      | Reached **** piety under Nemelex Xobeh
  6306 | D:8      | Reached skill level 11 in Unarmed Combat
  6368 | D:8      | Reached XP level 10. HP: 46/83 MP: 14/14
  6499 | D:8      | Found a staircase to the Lair.
  6504 | D:8      | Received a gift from Nemelex Xobeh
  7039 | D:9      | Reached XP level 11. HP: 89/89 MP: 16/16
  7303 | D:9      | Found a staircase to the Orcish Mines.
  7333 | D:10     | Entered Level 10 of the Dungeon
  7565 | D:10     | Found Manug's General Store.
  7566 | D:10     | Found Rotzafil's Magic Scroll Emporium.
  7582 | D:10     | Bought a scroll of magic mapping for 42 gold pieces
  7600 | D:10     | Found Roannys's Armour Shoppe.
  7644 | D:10     | Reached skill level 12 in Unarmed Combat
  7714 | D:10     | Reached ***** piety under Nemelex Xobeh
  7869 | Lair:1   | Entered Level 1 of the Lair of Beasts
  8074 | Lair:1   | Received a gift from Nemelex Xobeh
  8511 | Lair:2   | Received a gift from Nemelex Xobeh
  8744 | Lair:2   | Noticed a seven-headed hydra
  8755 | Lair:2   | Killed a seven-headed hydra
  8768 | Lair:2   | Reached XP level 12. HP: 30/97 MP: 18/18
  8831 | Lair:2   | Received a gift from Nemelex Xobeh
  8900 | Lair:2   | Reached skill level 10 in Evocations
  9616 | Lair:3   | Noticed an eight-headed hydra
  9633 | Lair:3   | Received a gift from Nemelex Xobeh
  9895 | Lair:3   | Noticed Rupert
  9918 | Lair:3   | Received a gift from Nemelex Xobeh
 10086 | Lair:3   | Reached skill level 13 in Unarmed Combat
 10308 | Lair:3   | Found a staircase to the Snake Pit.
 10566 | Lair:3   | Killed an eight-headed hydra
 10628 | Lair:3   | Received a gift from Nemelex Xobeh
 10877 | Lair:4   | Found a labyrinth entrance.
 10908 | Lab      | Entered a labyrinth
 11229 | Lab      | Received a gift from Nemelex Xobeh
 11232 | Lab      | Noticed a minotaur
 11251 | Lab      | Killed a minotaur
 11256 | Lab      | Got a faintly glowing robe
 11275 | Lab      | Got a polished giant club
 11280 | Lab      | Identified the Grimoire of Enhancements and Ice (You found it in a labyrinth)
 11310 | Lab      | Identified the +0 robe of the Big Bang {+Fly Int+6} (You took it off a minotaur in a labyrinth)
 11320 | Lab      | Identified a +0 rod of the swarm (5/12) (You took it off a minotaur in a labyrinth)
 11371 | Lair:4   | Identified the cursed +1 giant club "Ziast" {flame, rF+ rN+} (You found it in a labyrinth)
 11410 | Lair:4   | Reached ****** piety under Nemelex Xobeh
 11423 | Lair:4   | Received a gift from Nemelex Xobeh
 11522 | Lair:4   | Reached skill level 14 in Unarmed Combat
 11786 | Lair:4   | Received a gift from Nemelex Xobeh
 12133 | Lair:5   | Received a gift from Nemelex Xobeh
 12570 | Lair:5   | Received a gift from Nemelex Xobeh
 12813 | Lair:6   | Reached XP level 13. HP: 72/104 MP: 19/19
 12846 | Lair:6   | Learned a level 2 spell: Repel Missiles
 12969 | Lair:6   | Received a gift from Nemelex Xobeh
 13177 | Lair:6   | Found a staircase to the Swamp.
 13233 | Lair:6   | Reached skill level 15 in Unarmed Combat
 13337 | Lair:6   | Received a gift from Nemelex Xobeh
 13671 | Lair:7   | Received a gift from Nemelex Xobeh
 13769 | Lair:7   | Noticed Kirke
 13779 | Lair:7   | Killed Kirke
 13798 | Lair:7   | Found a viscous altar of Jiyva.
 13799 | Lair:7   | Found a staircase to the Slime Pits.
 13863 | Lair:7   | Received a gift from Nemelex Xobeh
 14154 | Lair:7   | Received a gift from Nemelex Xobeh
 14326 | Lair:8   | Entered Level 8 of the Lair of Beasts
 14557 | Lair:8   | Received a gift from Nemelex Xobeh
 15025 | Lair:8   | Engulfed by a cloud of thunder

Action                   |  1- 3 |  4- 6 |  7- 9 | 10-12 | 13-15 || total
-------------------------+-------+-------+-------+-------+-------++-------
Melee: Unarmed           |   105 |    71 |   193 |   794 |   374 ||  1537
 Fire: Blowgun           |       |       |       |     2 |       ||     2
Throw: Javelin           |       |       |     3 |    21 |    21 ||    45
       Tomahawk          |       |       |     3 |       |       ||     3
Invok: Triple Draw       |       |       |       |     1 |       ||     1
Evoke: Wand              |     3 |     8 |    29 |    54 |    15 ||   109
       Deck              |       |     9 |    11 |    31 |    39 ||    90
  Use: Scroll            |     4 |     4 |     6 |     8 |     8 ||    30
       Potion            |     1 |       |       |     4 |     2 ||     7
 Stab: Paralysed         |       |       |     1 |       |     2 ||     3
       Sleeping          |       |       |       |     3 |       ||     3
       Confused          |       |       |       |     1 |       ||     1
       Distracted        |       |       |       |       |     1 ||     1
  Eat: Chunk             |    16 |    16 |    28 |    55 |    15 ||   130
       Pizza             |       |       |       |     3 |     2 ||     5
       Royal jelly       |       |       |       |     1 |       ||     1
       Fruit             |       |       |       |     1 |       ||     1
       Beef jerky        |       |       |       |     1 |       ||     1
